 Dungeon Crawl Stone Soup version 0.29.1-15-g9cfb28693d (webtiles) character file.

Game seed: 6023024117040263772

22639 croobank the Brooding (level 12, -1/83 HPs)
             Began as a Demonspawn Fire Elementalist on Apr 12, 2023.
             Was a Priest of Hepliaklqana.
             Slain by a freezing wraith (11 damage)
             ... in an ice cave.
             The game lasted 00:51:57 (18533 turns).

croobank the Brooding (DsFE)                       Turns: 18533, Time: 00:51:57

Health: -1/83      AC: 10    Str:  8    XL:     12   Next: 64%
Magic:  6/22       EV: 16    Int: 23    God:    Hepliaklqana [***...]
Gold:   799        SH:  0    Dex: 13    Spells: 19/25 levels left

rFire   + . .      SeeInvis .   W - staff of fire
rCold   + + .      Faith    .   (no shield)
rNeg    . . .      Spirit   .   Z - +2 troll leather armour
rPois   .          Reflect  .   (helmet restricted)
rElec   .          Harm     .   (no cloak)
rCorr   .          Rampage  .   F - +1 pair of gloves
Will    .....                   X - +1 pair of boots {Fly}
Stlth   +++.......              o - amulet of regeneration
HPRegen 1.83/turn               b - ring of protection from cold
MPRegen 0.18/turn               q - ring of protection from cold

@: flying, slowed, very slow
A: reduced essence, horns 2, repulsion field 1, powered by pain 1, demonic magic
3
a: Renounce Religion, Recall Ancestor, Ancestor Identity, Transference


You were in an ice cave.
You worshipped Hepliaklqana.
Hepliaklqana was most pleased with you.
You visited 3 branches of the dungeon, and saw 15 of its levels.
You also visited: Ice Cave.

You collected 986 gold pieces.
You spent 187 gold pieces at shops.

Inventory:

Hand Weapons
 i - a +2 war axe of freezing
 p - a +2 rapier of protection
 L - a +1 dagger of speed
 M - the +3 trident of Fiamycy {protect, rPois rF+ Will+++ Int-5}
   (You took it off an orc on level 8 of the Dungeon)

   It grants its wielder temporary protection when it strikes (+7 to AC).
   Int:       It affects your intelligence (-5).
   rF:        It protects you from fire.
   rPois:     It protects you from poison.
   Will:      It greatly increases your willpower.
 Q - a +6 spectral quarterstaff
Missiles
 d - 6 datura-tipped darts
 s - 4 atropa-tipped darts
 U - a curare-tipped dart
Armour
 F - a +1 pair of gloves (worn)
 J - +0 acid dragon scales
 X - a +1 pair of boots of flying (worn)
 Z - a +2 troll leather armour (worn)
Magical Staves
 W - a staff of fire (weapon)
Jewellery
 b - a ring of protection from cold (left hand)
 o - an amulet of regeneration (around neck)
 q - a ring of protection from cold (right hand)
 C - a ring of willpower
 D - an amulet of reflection
 G - the ring "Xageogh" {rElec Dex+6 Slay+3 SInv}
   (You acquired it on level 1 of the Lair of Beasts)

   [ring of dexterity]

   Dex:       It affects your dexterity (+6).
   Slay:      It affects your accuracy & damage with ranged weapons and melee
   (+3).
   rElec:     It insulates you from electricity.
   SInv:      It lets you see invisible.
Wands
 l - a wand of paralysis (8)
 y - a wand of quicksilver (7)
 z - a wand of flame (25)
 B - a wand of mindburst (22)
 S - a wand of digging (5)
Scrolls
 h - 3 scrolls of immolation
 u - 2 scrolls of poison
 w - 3 scrolls of amnesia
 H - 6 scrolls of teleportation
 K - a scroll of butterflies
 Y - a scroll of vulnerability
Potions
 a - a potion of might
 c - 4 potions of magic
 e - a potion of cancellation
 f - 2 potions of flight
 g - a potion of berserk rage
 k - a potion of invisibility
 m - 2 potions of brilliance
 r - a potion of haste
 t - 2 potions of mutation
 v - 4 potions of curing
 x - 2 potions of lignification
 I - a potion of ambrosia
 N - 3 potions of attraction


   Skills:
 + Level 8.3 Fighting
 + Level 7.1 Dodging
 + Level 7.7 Stealth
 + Level 7.2 Spellcasting
 + Level 7.6 Conjurations
 - Level 5.9 Transmutations
 + Level 7.4 Fire Magic
 * Level 10.8 Invocations


You had 19 spell levels left.
You knew the following spells:

 Your Spells              Type           Power      Damage    Failure   Level
a - Foxfire               Conj/Fire      100%       2x1d9     1%          1
b - Scorch                Fire           100%       2d10      1%          2
c - Beastly Appendage     Tmut           70%        N/A       1%          1
d - Wereblood             Tmut           35%        N/A       1%          2

Your spell library contained the following spells:

 Spells                   Type           Power      Damage    Failure   Level
 Conjure Flame            Conj/Fire      59%        6-21      1%          3
 Sting                    Tmut/Pois      88%        1d7       3%          1
 Passwall                 Tmut/Erth      18%        N/A       4%          2
 Flame Wave               Conj/Fire      59%        2d14      4%          4
 Dazzling Flash           Conj/Hex       50%        N/A       7%          3
 Inner Flame              Hex/Fire       38%        N/A       7%          3
 Spider Form              Tmut/Pois      22%        N/A       10%         3
 Apportation              Tloc           16%        N/A       11%         1
 Necrotise                Necr           32%        1d5       11%         1
 Summon Small Mammal      Summ           32%        N/A       11%         1
 Ensorcelled Hibernation  Hex/Ice        16%        N/A       17%         2
 Poisonous Vapours        Pois/Air       16%        N/A       17%         2
 Hailstorm                Conj/Ice       25%        3d7       22%         4
 Ozocubu's Armour         Ice            8%         N/A       32%         3
 Swiftness                Air            8%         N/A       32%         3
 Vampiric Draining        Necr           8%         2d6       32%         3
 Ice Form                 Ice/Tmut       22%        N/A       32%         4
 Olgreb's Toxic Radiance  Pois           8%         N/A       73%         4
 Agony                    Necr           8%         N/A       97%         5
 Metabolic Englaciation   Hex/Ice        4%         N/A       97%         5
 Silence                  Hex/Air        4%         N/A       97%         5
 Simulacrum               Ice/Necr       4%         N/A       100%        6


Dungeon Overview and Level Annotations

Branches:
Dungeon (12/15)            Temple (1/1) D:4            Lair (2/5) D:8
    Orc (0/2) D:10          IceCv (1/1)
  Swamp: Lair:2-3    Shoals: Lair:2-3     Snake: Lair:2-3    Spider: Lair:2-3

Altars:
Ashenzari
Cheibriados
Dithmenos
Fedhas
Gozag
Hepliaklqana
Kikubaaqudgha
Makhleb
Nemelex Xobeh
Okawaru
Qazlal
Ru
Sif Muna
Trog
Uskayaw
Vehumet
Wu Jian
Xom
Yredelemnul

Shops:
D:10 [

Annotations:
D:11 2 transporters, exclusion: downstairs, jziggy's ghost, journeyman GnTm
D:12 Jorgrun; Maurice
Lair:2 2 runed translucent doors


Innate Abilities, Weirdness & Mutations

Your life essence is reduced to manifest your ancestor. (-10% HP)
You have a pair of horns on your head.
You are surrounded by a mild repulsion field. (EV +2)
You sometimes gain a little power by taking damage.
Spells you cast and wands you use may paralyse nearby enemies.


Message History

Confirm with . or Enter, or press ? or * to list all spells.
You feel a surge of power!
Flames lash the anaconda simulacrum.
The anaconda simulacrum melts!
The anaconda simulacrum vaporises!
Malevolent energies surge around you.
The helpless three-headed hydra simulacrum fails to defend itself.
You hit the three-headed hydra simulacrum.
The three-headed hydra simulacrum is moderately damaged.
The helpless three-headed hydra simulacrum fails to defend itself.
You hit the three-headed hydra simulacrum.
The three-headed hydra simulacrum is heavily damaged.
The freezing wraith is no longer paralysed.
The freezing wraith hits you but does no damage. x2
The helpless three-headed hydra simulacrum fails to defend itself.
You hit the three-headed hydra simulacrum.
You burn the three-headed hydra simulacrum.
The three-headed hydra simulacrum is heavily damaged.
The three-headed hydra simulacrum is no longer paralysed.
The freezing wraith barely misses you.
The freezing wraith hits you but does no damage.
The freezing wraith hits you. The freezing wraith freezes you. You resist.
The freezing wraith hits you! The freezing wraith drains your vigour!
You feel yourself slow down.
The three-headed hydra simulacrum bites you.
The three-headed hydra simulacrum freezes you!
You resist.
The three-headed hydra simulacrum bites you!
* * * LOW HITPOINT WARNING * * *
The three-headed hydra simulacrum freezes you!
You resist.
* * * LOW HITPOINT WARNING * * *
The three-headed hydra simulacrum bites you but does no damage.
Casting: Scorch (safe; 1% risk of failure)
Confirm with . or Enter, or press ? or * to list all spells.
You feel a surge of power!
Flames lash the three-headed hydra simulacrum.
The three-headed hydra simulacrum melts!
The three-headed hydra simulacrum vaporises!
Malevolent energies surge around you. The freezing wraith hits you!
You die...

##.....##
#.......#
#.......#
#)......#
#.......#
#!......#
####.####
#.......#
#...@...#
#...○W..#
#.......#
#.......#
##.....##
##...##
##.## ...
...


You could see a freezing wraith.

Vanquished Creatures
  3 hydras
  A centaur warrior (D:10)
  A two-headed ogre (D:10)
  Pikel (D:5)
  An ugly thing (IceCv)
  2 black mambas (Lair:1)
  Joseph (D:8)
  A gargoyle (D:12)
  2 cane toads (Lair:1)
  A komodo dragon (Lair:1)
  A kobold demonologist (D:10)
  Maggie (D:8)
  A rime drake (Lair:1)
  An anaconda simulacrum (IceCv)
  An ice devil (Lair:2)
  2 blink frogs (Lair:1)
  A troll (D:9)
  2 hornets
  A shadow (D:11)
  A wraith (D:9)
  26 yaks
  3 fire bats (Lair:1)
  3 steam dragons
  A warg (D:10)
  A harpy simulacrum (IceCv)
  A death yak simulacrum (IceCv)
  8 water moccasins
  4 orc warriors
  A sky beast (D:5)
  A black bear (D:5)
  A hydra simulacrum (IceCv)
  2 ice beasts (D:7)
  4 wolves (Lair:2)
  3 centaurs
  2 phantoms
  3 kobold brigands
  Blork the orc (D:4)
  10 bullfrogs
  A necrophage (D:8)
  3 scorpions
  2 cane toad simulacra (IceCv)
  7 wights
  2 elephant simulacra (IceCv)
  4 killer bees (D:10)
  An electric eel (Lair:2)
  3 howler monkeys (D:9)
  4 hounds
  3 gnoll boudas
  3 jellies
  4 orc priests
  3 iguanas
  12 orc wizards
  A polar bear simulacrum (IceCv)
  13 gnolls
  8 adders
  A white imp (D:5)
  3 worms (D:3)
  5 dart slugs
  34 orcs
  9 endoplasms
  A giant cockroach (D:4)
  5 goblins
  4 hobgoblins
  2 jackals (D:1)
  14 kobolds
  4 quokkas
  5 ball pythons
  3 bats
  A frilled lizard (D:1)
  4 rats
270 creatures vanquished.

Vanquished Creatures (collateral kills)
  3 ice statues (IceCv)
  A gargoyle (D:11)
  An ice devil (Lair:2)
  2 trolls
  2 blink frogs (Lair:1)
  A wraith (D:11)
  4 yaks
  A water moccasin (Lair:1)
  A warg (D:10)
  4 orc warriors
  A kobold brigand (D:10)
  4 killer bees (D:10)
  An orc wizard (D:10)
  A gnoll (D:9)
  An orc (D:11)
  A kobold (D:10)
  15 foxfires
44 creatures vanquished.

Vanquished Creatures (others)
  An ancestor (D:10)
  8 battlemagi
  785 foxfires
  28 fungi
  29 plants
851 creatures vanquished.

Grand Total: 1165 creatures vanquished

Notes
Turn   | Place    | Note
-------+----------+-------------------------------------------
     0 | D:1      | croobank the Demonspawn Fire Elementalist began the quest
                  | for the Orb.
     0 | D:1      | Reached XP level 1. HP: 13/13 MP: 3/3
   308 | D:1      | Gained mutation: You are surrounded by a mild repulsion
                  | field. (EV +2) [demonic ancestry]
   308 | D:1      | Reached XP level 2. HP: 19/19 MP: 0/5
   311 | D:1      | Learned a level 2 spell: Scorch
  1263 | D:1      | Learned a level 1 spell: Beastly Appendage
  1421 | D:2      | Gained mutation: You have a pair of small horns on your
                  | head. [demonic ancestry]
  1421 | D:2      | Reached XP level 3. HP: 24/24 MP: 4/6
  1424 | D:2      | Learned a level 2 spell: Wereblood
  2382 | D:3      | Found a faded altar of an unknown god.
  2755 | D:3      | Reached XP level 4. HP: 31/31 MP: 3/7
  2909 | D:3      | Reached skill level 1 in Fighting
  2909 | D:3      | Reached skill level 1 in Transmutations
  3900 | D:4      | Noticed a yak
  3900 | D:4      | Noticed a yak
  3900 | D:4      | Noticed a yak
  3905 | D:4      | Noticed a yak
  3905 | D:4      | Noticed a yak
  3906 | D:4      | Noticed a yak
  3925 | D:4      | HP: 1/48 [yak (3)]
  3929 | D:4      | Killed a yak
  3930 | D:4      | Reached XP level 5. HP: 33/38 MP: 6/9
  3932 | D:4      | Killed a yak
  3933 | D:4      | Gained mutation: You sometimes gain a little power by
                  | taking damage. [demonic ancestry]
  3933 | D:4      | Reached XP level 6. HP: 36/46 MP: 0/10
  3937 | D:4      | Killed a yak
  3937 | D:4      | HP: 3/69 [yak (10)]
  3938 | D:4      | Gained mutation: You have a pair of horns on your head.
                  | [demonic ancestry]
  3938 | D:4      | Reached XP level 7. HP: 3/51 MP: 6/11
  4378 | D:3      | Killed a yak
  4645 | D:3      | Killed a yak
  4879 | D:4      | Found a staircase to the Ecumenical Temple.
  4891 | Temple   | Entered the Ecumenical Temple
  5460 | D:4      | Noticed Blork the orc
  5465 | D:4      | Killed Blork the orc
  5676 | D:4      | Gained mutation: Spells you cast may paralyse adjacent
                  | enemies. [demonic ancestry]
  5676 | D:4      | Reached XP level 8. HP: 60/60 MP: 10/13
  5709 | D:4      | Found a sparkling altar of Nemelex Xobeh.
  5774 | D:5      | Entered Level 5 of the Dungeon
  6292 | D:5      | Noticed Pikel
  6299 | D:5      | Killed Pikel
  6552 | D:5      | Reached skill level 5 in Fighting
  7530 | D:6      | Gained mutation: Spells you cast may paralyse nearby
                  | enemies. [demonic ancestry]
  7530 | D:6      | Reached XP level 9. HP: 68/68 MP: 10/15
  8941 | D:7      | Reached skill level 5 in Transmutations
  9103 | D:7      | Reached skill level 5 in Fire Magic
  9990 | D:7      | Found a hazy altar of Hepliaklqana.
  9994 | D:7      | Became a worshipper of Hepliaklqana the Forgotten
 10240 | D:7      | Reached skill level 1 in Invocations
 10505 | D:8      | Reached skill level 5 in Stealth
 10663 | D:7      | Reached skill level 2 in Invocations
 10886 | D:8      | Reached XP level 10. HP: 21/76 MP: 9/17
 10887 | D:8      | Reached skill level 5 in Dodging
 10887 | D:8      | Reached skill level 5 in Conjurations
 11179 | D:8      | Reached skill level 5 in Spellcasting
 11234 | D:8      | Noticed Maggie
 11242 | D:8      | Found a staircase to the Lair.
 11245 | D:8      | Killed Maggie
 11246 | D:8      | Reached skill level 3 in Invocations
 11376 | D:8      | Reached skill level 4 in Invocations
 11500 | D:8      | Identified the +3 trident of Fiamycy {protect, rPois rF+
                  | Will+++ Int-5}
 11965 | D:8      | Reached skill level 5 in Invocations
 12179 | D:8      | Found an iron altar of Okawaru.
 12201 | D:8      | Noticed Joseph
 12214 | D:8      | Killed Joseph
 12814 | D:9      | Reached * piety under Hepliaklqana
 13011 | D:9      | Reached skill level 6 in Invocations
 13611 | D:10     | Entered Level 10 of the Dungeon
 13682 | D:10     | Reached XP level 11. HP: 74/74 MP: 12/19
 13995 | D:10     | Found Qiwuin's Antique Armour Emporium.
 14010 | D:10     | Bought a pair of runed boots for 187 gold pieces
 14110 | D:10     | Found Ucrucku's Magic Scroll Shoppe.
 14123 | D:10     | Noticed a two-headed ogre
 14133 | D:10     | Killed a two-headed ogre
 14134 | D:10     | Reached skill level 7 in Invocations
 14160 | D:10     | Noticed a centaur warrior
 14167 | D:10     | Killed a centaur warrior
 14556 | D:10     | Reached ** piety under Hepliaklqana
 14557 | D:10     | Remembered your ancestor Xochitl as a battlemage
 14846 | D:10     | Found a staircase to the Orcish Mines.
 15264 | D:11     | Reached skill level 8 in Invocations
 15418 | D:11     | Noticed a two-headed ogre
 15425 | D:11     | Found a transporter.
 15427 | D:11     | Found a transporter.
 15441 | D:11     | Noticed a red ugly thing
 15456 | D:11     | Noticed jziggy's ghost (journeyman GnTm)
 15976 | D:11     | Noticed an eight-headed hydra
 15982 | D:11     | Killed an eight-headed hydra
 16094 | D:11     | Identified the +9 falchion "Laquskoq" {holy, Fragile Will++
                  | Int+2}
 16132 | D:12     | Noticed Maurice
 16135 | D:12     | Reached skill level 9 in Invocations
 16141 | D:12     | Noticed Jorgrun
 16317 | Lair:1   | Entered Level 1 of the Lair of Beasts
 16346 | Lair:1   | Identified a scroll of acquirement
 16347 | Lair:1   | Acquired the ring "Xageogh" {rElec Dex+6 Slay+3 SInv}
 16360 | Lair:1   | Noticed a four-headed hydra
 16545 | Lair:1   | Killed a four-headed hydra
 16546 | Lair:1   | Gained mutation: Spells you cast and wands you use may
                  | paralyse nearby enemies. [demonic ancestry]
 16546 | Lair:1   | Reached XP level 12. HP: 43/82 MP: 9/22
 16823 | Lair:1   | Reached *** piety under Hepliaklqana
 17099 | Lair:1   | Reached skill level 10 in Invocations
 17634 | Lair:2   | Noticed a four-headed hydra
 17639 | Lair:2   | Killed a four-headed hydra
 17768 | Lair:2   | Found a runed translucent gate.
 17768 | Lair:2   | Found a runed translucent gate.
 17772 | Lair:2   | Reached **** piety under Hepliaklqana
 17774 | Lair:2   | Found a frozen archway.
 17806 | IceCv    | Entered an ice cave
 18533 | IceCv    | Slain by a freezing wraith

Illustrated notes

Levels and vault maps discovered:
D:1:      dpeg_arrival_rooms_b, layout_rooms
D:2:      layout_rooms, mrwooster_statue_mirror
D:3:      layout_loops_ring, nicolae_ecumenical_lake_church, serial_bayou_pond_a
D:4:      layout_rooms, nemelex_dance_club_becter,
          minmay_temple_entry_offerings, uniq_blork_the_orc
D:5:      layout_rooms, uniq_pikel
D:6:      layout_basic
D:7:      minmay_recursive_quarters, layout_cave_pods, tso_oasis_becter,
          nicolae_hepliaklqana_hippocampus
D:8:      layout_gridville, okawaru_metal_pillars_3,
          due_lair_maze_entry_diamond, uniq_maggie, uniq_joseph
D:9:      layout_rooms, serial_park_tiny_2, minmay_misc_feat_pillars,
          minmay_misc_feat_hallway
D:10:     layout_small_grid, david_orc_1_choice, serial_shops, shop, shop
D:11:     layout_irregular_city, nzn_ghost_randoct
D:12:     layout_cave_pools, uniq_nessos, uniq_rupert, uniq_jorgrun,
          uniq_maurice
Temple:   hc_temple_tempest_star
Lair:1:   layout_cave_pods, nicolae_volcano_entry_batcave
Lair:2:   layout_regular_city, minmay_shoals_entry_beasts,
          portal_ice_cave_demonic_guard, ebering_ghost_rock_garden, st_stairs_7,
          lemuel_fruit_fields, grunt_megastairs_5, infiniplex_staircase_pool
IceCv:    ice_cave_statue_garden_chambered

Skill      XL: |  1  2  3  4  5  6  7  8  9 10 11 12 |
---------------+-------------------------------------+-----
Stealth        | 2 3 4 5 6 7 |  7.7
Dodging        | 2 3 4 5 6 7 |  7.1
Fire Magic     | 3 4 5 6 7 |  7.4
Fighting       | 2 3 5 6 7 8 |  8.3
Transmutations | 2 3 4 5 |  5.9
Conjurations   | 2 3 4 5 6 7 |  7.6
Spellcasting   | 3 4 5 6 7 |  7.2
Invocations    | 2 6 9 10 | 10.8

Action                   |  1- 3 |  4- 6 |  7- 9 | 10-12 || total
-------------------------+-------+-------+-------+-------++-------
Melee: Hand axe          |     1 |       |       |       ||     1
       Short sword       |     7 |       |       |       ||     7
       Dagger            |     7 |    25 |    44 |    28 ||   104
       Headbutt          |     1 |       |    10 |    29 ||    40
       Kick              |     1 |       |     1 |       ||     2
       Punch             |       |       |     1 |       ||     1
       Quarterstaff      |       |       |       |    63 ||    63
       Staff             |       |       |       |    26 ||    26
 Cast: Foxfire           |    61 |    19 |   108 |   284 ||   472
       Scorch            |     5 |     9 |   102 |   156 ||   272
       Beastly Appendage |     1 |       |     1 |       ||     2
       Wereblood         |       |     1 |     1 |       ||     2
Invok: Ancestor Life: Ba |       |       |       |     1 ||     1
       Idealise          |       |       |       |     1 ||     1
Evoke: Wand              |       |       |       |     1 ||     1
  Use: Potion            |     1 |     6 |       |     2 ||     9
       Scroll            |       |     1 |    13 |    19 ||    33
 Stab: Invisible         |       |     1 |       |       ||     1
       Sleeping          |       |       |     3 |     2 ||     5
       Paralysed         |       |       |    21 |    43 ||    64
Armor: Robe              |     2 |     3 |     9 |       ||    14
       Skin              |       |    17 |     2 |       ||    19
       Acid dragon scale |       |       |       |    11 ||    11
       Troll leather arm |       |       |       |    28 ||    28
Dodge: Dodged            |    14 |     8 |    74 |    95 ||   191
Block: Other             |       |       |       |    18 ||    18
       Reflection        |       |       |       |     2 ||     2
